 Dungeon Crawl Stone Soup version 0.23.1-37-gaa34b87 (webtiles) character file.

Game seed: 0

2155 vatarom the Fighter (level 9, -4/77 HPs)
             Began as a Gnoll Wanderer on Mar 17, 2019.
             Killed from afar by an orc wizard (7 damage)
             ... with a magic dart
             ... on level 6 of the Dungeon on Mar 26, 2019.
             The game lasted 00:13:24 (8506 turns).

vatarom the Fighter (Gnoll Wanderer)                Turns: 8506, Time: 00:13:25

Health: -4/77      AC:  8    Str: 24    XL:     9   Next: 31%
Magic:  15/15      EV: 13    Int: 17    God:
Gold:   164        SH:  0    Dex: 12    Spells: 16/16 levels left

rFire    + . .     SeeInvis .   D - +0 morningstar (crush)
rCold    + . .     Gourm    .   (no shield)
rNeg     . . .     Faith    .   e - +0 ring mail
rPois    +         Spirit   .   b - +0 helmet
rElec    +         Reflect  .   (no cloak)
rCorr    +         Harm     .   (no gloves)
MR       +....                  p - +0 pair of boots
Stlth    ++........             (no amulet)
HPRegen  0.22/turn              m - ring of protection from magic
MPRegen  0.14/turn              u - +6 ring of strength

@: resistant, flying
A: distributed training, fangs 1, strong nose
a: no special abilities


You were on level 6 of the Dungeon.
You were hungry.

You visited 1 branch of the dungeon, and saw 6 of its levels.

You collected 279 gold pieces.
You spent 115 gold pieces at shops.

Inventory:

Hand Weapons
 c - a +0 hand crossbow
 w - a +1 war axe of chopping
 D - a +0 morningstar of crushing (weapon)
Missiles
 d - 17 bolts
Armour
 b - a +0 helmet (worn)
 e - a +0 ring mail (worn)
 p - a +0 pair of boots (worn)
Jewellery
 j - an uncursed ring of flight
 m - a ring of protection from magic (left hand)
 u - a +6 ring of strength (right hand)
Wands
 a - a wand of paralysis (26)
 v - a wand of iceblast (10) {@v4}
 y - a wand of disintegration (11)
Scrolls
 i - 6 scrolls of magic mapping
 k - 3 scrolls of remove curse {@r2}
 l - a scroll of amnesia {unknown}
 n - 4 scrolls of enchant armour
 q - a scroll of immolation {unknown}
 r - a scroll of fog
 s - 3 scrolls of teleportation {@r3}
 C - a scroll of fear {unknown}
Potions
 g - a potion of agility {@q5}
 x - 3 potions of brilliance {@q6}
 A - a potion of haste {@q3}
Comestibles
 f - 13 rations {@e1}
 h - 4 chunks of flesh


   Skills:
 + Level 9.5 Fighting
 + Level 4.0 Short Blades
 + Level 4.0 Long Blades
 + Level 4.0 Axes
 + Level 4.0 Maces & Flails
 + Level 4.0 Polearms
 + Level 4.0 Staves
 + Level 4.0 Slings
 + Level 4.0 Bows
 + Level 4.9 Crossbows
 + Level 4.0 Throwing
 + Level 4.0 Armour
 + Level 4.0 Dodging
 + Level 4.0 Stealth
 + Level 4.9 Shields
 + Level 4.0 Unarmed Combat
 + Level 4.0 Spellcasting
 + Level 3.3 Conjurations
 + Level 4.0 Hexes
 + Level 3.3 Charms
 + Level 3.3 Summonings
 + Level 5.1 Necromancy
 + Level 3.3 Translocations
 + Level 3.3 Transmutations
 + Level 3.3 Fire Magic
 + Level 3.3 Ice Magic
 + Level 3.3 Air Magic
 + Level 3.3 Earth Magic
 + Level 3.3 Poison Magic
 + Level 4.4 Invocations
 + Level 4.9 Evocations


You had 16 spell levels left.
You didn't know any spells.
Your spell library contained the following spells:

 Spells                   Type           Power        Failure   Level  Hunger
 Shock                    Conj/Air       ##..         6%          1    None
 Swiftness                Chrm/Air       ##......     9%          2    ##.....
 Static Discharge         Conj/Air       ##......     19%         3    ###....
 Airstrike                Air            ##........   52%         4    ####...
 Lightning Bolt           Conj/Air       ##........   86%         5    ######.


Dungeon Overview and Level Annotations

Branches:
Dungeon (6/15)
 Temple: D:4-7

Altars:
Cheibriados
Dithmenos
Elyvilon
Fedhas
Okawaru
Trog
Vehumet
The Shining One

Shops:
D:4 ?   D:5 *:*![


Innate Abilities, Weirdness & Mutations

Your experience applies equally to all skills.
You have very sharp teeth.
Your uncanny sense of smell can sniff out nearby items.


Message History

It was a potion of resistance.
You feel protected.
You hear some strange, mumbled words.
A puff of flame appears from out of thin air!
The puff of flame hits something!
Something hits you but does no damage.
The orc priest shouts!
It was a potion of flight.
You feel very buoyant.
You fly up into the air.
Something hits you but does no damage.
You closely miss something.
The orc priest mumbles some strange prayers to Beogh against you.
Something hits you but does no damage.
You sock something!
Reactivating autopickup.
You feel a bit more experienced.
You hear some strange, mumbled words.
A magic dart appears from out of thin air!
Deactivating autopickup; reactivate with Ctrl-A.
The magic dart hits you!
You die...

......... .....###..#.###
.÷........#.#.. ∆
......... ..#.# ## #
.#.#..### #.... .#.#
.#.##.# #.#.### .#.#
.#....# #..... ...
......# #.#.####o#=##.#
......#####.(...@)(......
.####.......#.#########.#
..# ####.#..#.#
#.######.#..#.! ∆
............####
..######.##.#
.....###.##.#
..###.##.##.#
.#####...##.#


You could see an orc.

Vanquished Creatures
  Grinder (D:3)
  Menkaure (D:5)
  A black bear (D:5)
  An orc warrior (D:6)
  A centaur (D:6)
  2 ogres
  A bullfrog (D:6)
  4 scorpions
  4 killer bees
  A howler monkey (D:6)
  3 crimson imps (D:5)
  3 hounds
  An iron imp (D:5)
  An orc priest (D:3)
  3 jellies
  A centaur skeleton (D:5)
  6 orc wizards
  2 worker ants
  Ijyb (D:4)
  A hound zombie (D:6)
  2 worker ant zombies
  Robin (D:3)
  6 gnolls
  9 adders
  A shadow imp (D:6)
  3 oozes
  An adder zombie (D:5)
  3 worms
  5 dart slugs
  4 leopard geckos
  25 orcs
  2 giant cockroaches
  16 goblins
  10 hobgoblins
  2 jackals (D:2)
  7 kobolds
  A ball python (D:1)
  5 bats
  6 frilled lizards
  A jackal skeleton (D:4)
  A leopard gecko skeleton (D:4)
  12 rats
162 creatures vanquished.

Notes
Turn   | Place    | Note
-------+----------+-------------------------------------------
     0 | D:1      | vatarom the Gnoll Wanderer began the quest for the Orb.
     0 | D:1      | vatarom set off with the following items: a wand of
                  | paralysis (15), a +0 hand axe, a +0 hand crossbow, 26
                  | bolts, a +0 robe, a ration {@e1}
     0 | D:1      | Reached XP level 1. HP: 26/26 MP: 2/2
     7 | D:1      | Noticed a water moccasin
     7 | D:1      | Noticed a black bear
     7 | D:1      | Noticed a swamp worm
     8 | D:1      | Noticed a wolf
     8 | D:1      | Noticed a five-headed hydra
   307 | D:1      | Upgraded the game from 0.23.1 to 0.23.1-37-gaa34b87
   433 | D:1      | Reached XP level 2. HP: 33/33 MP: 3/3
  1171 | D:1      | Reached XP level 3. HP: 38/38 MP: 4/4
  1736 | D:2      | Reached skill level 1 in Invocations
  2022 | D:2      | Reached skill level 1 in Short Blades
  2022 | D:2      | Reached skill level 1 in Long Blades
  2022 | D:2      | Reached skill level 1 in Axes
  2022 | D:2      | Reached skill level 1 in Maces & Flails
  2022 | D:2      | Reached skill level 1 in Polearms
  2022 | D:2      | Reached skill level 1 in Staves
  2022 | D:2      | Reached skill level 1 in Slings
  2022 | D:2      | Reached skill level 1 in Bows
  2022 | D:2      | Reached skill level 1 in Throwing
  2022 | D:2      | Reached skill level 1 in Armour
  2022 | D:2      | Reached skill level 1 in Dodging
  2022 | D:2      | Reached skill level 1 in Stealth
  2022 | D:2      | Reached skill level 1 in Unarmed Combat
  2022 | D:2      | Reached skill level 1 in Spellcasting
  2022 | D:2      | Reached XP level 4. HP: 23/45 MP: 4/6
  2583 | D:2      | Found a shadowy altar of Dithmenos.
  2805 | D:2      | Found an iron altar of Okawaru.
  2820 | D:2      | Reached skill level 1 in Conjurations
  2820 | D:2      | Reached skill level 1 in Charms
  2820 | D:2      | Reached skill level 1 in Summonings
  2820 | D:2      | Reached skill level 1 in Translocations
  2820 | D:2      | Reached skill level 1 in Transmutations
  2820 | D:2      | Reached skill level 1 in Fire Magic
  2820 | D:2      | Reached skill level 1 in Ice Magic
  2820 | D:2      | Reached skill level 1 in Air Magic
  2820 | D:2      | Reached skill level 1 in Earth Magic
  2820 | D:2      | Reached skill level 1 in Poison Magic
  3076 | D:3      | Reached XP level 5. HP: 51/51 MP: 7/7
  3873 | D:3      | Reached XP level 6. HP: 53/57 MP: 8/8
  3923 | D:3      | Noticed Robin
  3932 | D:3      | Killed Robin
  4312 | D:3      | Noticed Grinder
  4333 | D:3      | Killed Grinder
  4333 | D:3      | Reached XP level 7. HP: 38/63 MP: 8/10
  4631 | D:3      | Found a radiant altar of Vehumet.
  4898 | D:4      | Found a white marble altar of Elyvilon.
  5004 | D:4      | Found a blossoming altar of Fedhas.
  5321 | D:4      | Reached skill level 9 in Fighting
  5510 | D:4      | Found a glowing golden altar of the Shining One.
  5769 | D:4      | Found Feklil's Magic Scroll Emporium.
  5800 | D:5      | Entered Level 5 of the Dungeon
  5807 | D:5      | Found Luguz's General Store.
  5824 | D:5      | Noticed Ijyb
  5825 | D:5      | Found Jiach's Distillery.
  5826 | D:5      | Noticed Menkaure
  5833 | D:5      | Reached XP level 8. HP: 42/71 MP: 12/12
  5852 | D:4      | Killed Ijyb
  6366 | D:5      | Found Derrae's Armour Emporium.
  6390 | D:5      | Bought a potion of heal wounds for 60 gold pieces
  6442 | D:5      | Killed Menkaure
  6740 | D:5      | Found Haomu's Book Emporium.
  6803 | D:5      | Found Ilerr's General Store.
  6811 | D:5      | Bought a potion of heal wounds for 55 gold pieces
  6943 | D:5      | Found a snail-covered altar of Cheibriados.
  7100 | D:5      | Noticed a moth of wrath
  7103 | D:5      | Found a bloodstained altar of Trog.
  7347 | D:5      | Found an iron altar of Okawaru.
  8044 | D:5      | Reached XP level 9. HP: 10/76 MP: 14/14
  8050 | D:5      | Reached skill level 5 in Necromancy
  8501 | D:6      | HP: 2/77 [orc warrior/+0 mace (11)]
  8506 | D:6      | Killed from afar by an orc wizard

Skill      XL: |  1  2  3  4  5  6  7  8  9 |
---------------+----------------------------+-----
Hexes          | 2 3 4 |  4.0
Invocations    | 1 2 3 4 |  4.4
Short Blades   | 1 2 3 4 |  4.0
Long Blades    | 1 2 3 4 |  4.0
Axes           | 1 2 3 4 |  4.0
Maces & Flails | 1 2 3 4 |  4.0
Polearms       | 1 2 3 4 |  4.0
Staves         | 1 2 3 4 |  4.0
Slings         | 1 2 3 4 |  4.0
Bows           | 1 2 3 4 |  4.0
Throwing       | 1 2 3 4 |  4.0
Armour         | 1 2 3 4 |  4.0
Dodging        | 1 2 3 4 |  4.0
Stealth        | 1 2 3 4 |  4.0
Unarmed Combat | 1 2 3 4 |  4.0
Spellcasting   | 1 2 3 4 |  4.0
Conjurations   | 1 2 3 |  3.3
Charms         | 1 2 3 |  3.3
Summonings     | 1 2 3 |  3.3
Translocations | 1 2 3 |  3.3
Transmutations | 1 2 3 |  3.3
Fire Magic     | 1 2 3 |  3.3
Ice Magic      | 1 2 3 |  3.3
Air Magic      | 1 2 3 |  3.3
Earth Magic    | 1 2 3 |  3.3
Poison Magic   | 1 2 3 |  3.3
Crossbows      | 3 4 |  4.9
Shields        | 3 4 |  4.9
Evocations     | 3 4 |  4.9
Necromancy     | 4 5 |  5.1
Fighting       | 9 |  9.5

Action                   |  1- 3 |  4- 6 |  7- 9 || total
-------------------------+-------+-------+-------++-------
Melee: Hand axe          |   104 |   101 |       ||   205
       Bite              |    10 |    14 |    25 ||    49
       War axe           |       |    49 |   169 ||   218
       Morningstar       |       |       |    40 ||    40
       Punch             |       |       |     2 ||     2
 Fire: Hand crossbow     |       |     4 |    38 ||    42
  Use: Potion            |     1 |     6 |    10 ||    17
       Scroll            |       |       |    10 ||    10
 Stab: Sleeping          |     1 |     4 |     1 ||     6
       Distracted        |       |       |     1 ||     1
  Eat: Chunk             |     4 |     7 |     6 ||    17
       Ration            |       |       |     2 ||     2
Armor: Robe              |    22 |    41 |     7 ||    70
       Ring mail         |       |       |    80 ||    80
Dodge: Dodged            |    59 |   119 |   211 ||   389
